[Event "Titled Tuesday Blitz January 25 2022"]
[White "Petesch, Gabriel"]
[Black "Goldin, Roman"]
[WhiteFideId "2032465"]
[BlackFideId "2803860"]
[WhiteElo "2374"]
[BlackElo "2312"]
[Result "1-0"]
[Round "06"]
[TimeControl "180+1"]
[Date "2022.01.26"]
[WhiteClock "0:00:15"]
[BlackClock "0:00:01"]

1. d4 Nf6 2. Nf3 b5 3. e3 a6 4. Bd3 Bb7 5. O-O e6 6. b3 c5 7. Bb2 d6 8. Qe2 Nc6 9. dxc5 dxc5 10. a4 c4 11. bxc4 b4 12. Rd1 Qc7 13. c3 b3 14. Nbd2 Na5 15. Rdb1 Rd8 16. Nd4 e5 17. N4xb3 Nxb3 18. Nxb3 e4 19. Bc2 Bd6 20. g3 h5 21. c5 Be5 22. c4 h4 23. Bxe5 Qxe5 24. Nd4 hxg3 25. fxg3 Bc8 26. Nc6 Qxc5 27. Nxd8 Kxd8 28. Rb8 Ke7 29. Rab1 Ng4 30. Bxe4 Rxh2 31. R1b7+ Kf6 32. Qf3+ 1-0


[Site "https://www.chess.com"]

[Event "Titled Tuesday Blitz January 25 2022"]
[White "Poliannikov, Danila"]
[Black "Cunjalo, Faris"]
[WhiteFideId "30935245"]
[BlackFideId "14410710"]
[WhiteElo "2557"]
[BlackElo "2263"]
[Result "0-1"]
[Round "06"]
[TimeControl "180+1"]
[Date "2022.01.26"]
[WhiteClock "0:00:03"]
[BlackClock "0:00:09"]

1. Nf3 d5 2. b3 Bg4 3. Bb2 Bxf3 4. gxf3 e6 5. e3 Nf6 6. f4 g6 7. d3 Bg7 8. Nd2 c5 9. Nf3 Nc6 10. Be2 d4 11. Qd2 Nd5 12. a3 dxe3 13. Qc1 exf2+ 14. Kxf2 Nd4 15. b4 Nxe2 16. Kxe2 Bxb2 17. Qxb2 Nxf4+ 18. Kd2 O-O 19. bxc5 Qd5 20. Rhf1 Qxc5 21. Ne5 Nh5 22. Nxf7 Rxf7 23. Rxf7 Qg5+ 24. Ke2 Qg4+ 25. Ke3 Qg5+ 26. Ke2 Nf4+ 27. Kf2 Qg2+ 28. Ke3 Kxf7 29. Kxf4 Qxh2+ 30. Ke3 Qg3+ 31. Ke2 Qg2+ 32. Ke3 Kg8 33. Qe5 Qh3+ 34. Kd4 Rc8 35. Qd6 Qg4+ 36. Ke3 Qg5+ 37. Ke2 Rxc2+ 38. Kf3 Qf5+ 39. Ke3 Qf2+ 40. Ke4 Re2# 0-1


[Site "https://www.chess.com"]

[Event "Titled Tuesday Blitz January 25 2022"]
[White "Pranav, V"]
[Black "Cherniaiev, Tykhon"]
[WhiteFideId "25060783"]
[BlackFideId "14182360"]
[WhiteElo "2349"]
[BlackElo "2289"]
[Result "1/2-1/2"]
[Round "06"]
[TimeControl "180+1"]
[Date "2022.01.26"]
[WhiteClock "0:00:22"]
[BlackClock "0:00:32"]

1. e4 c5 2. Nf3 e6 3. b3 b6 4. Bb2 Bb7 5. Nc3 Nc6 6. g3 d6 7. Bg2 Nf6 8. O-O Be7 9. d4 cxd4 10. Nxd4 O-O 11. e5 Nd5 12. Nxc6 Bxc6 13. Nxd5 Bxd5 14. Bxd5 exd5 15. Re1 dxe5 16. Rxe5 Bf6 17. Rxd5 Bxb2 18. Rxd8 Raxd8 19. Qf1 Bxa1 20. Qxa1 Rfe8 21. Qc3 Rc8 22. Qd3 Red8 23. Qe2 Re8 24. Qd2 Red8 25. Qe2 Re8 26. Qa6 Rxc2 27. Qxa7 g6 28. a4 Re6 29. b4 Rf6 30. Qb8+ Kg7 31. Qe5 Rxf2 32. Qd4 Rf5 33. Kg2 h5 34. h3 Kh7 35. Qe3 Re6 36. Qd3 Rfe5 37. Kf3 Rf6+ 38. Kg2 Rfe6 39. Kf3 Rf6+ 40. Kg2 Rfe6 1/2-1/2


[Site "https://www.chess.com"]

[Event "Titled Tuesday Blitz January 25 2022"]
[White "Punin, Andrii"]
[Black "Vusatiuk, Vladimir"]
[WhiteFideId "14112639"]
[BlackFideId "14118610"]
[WhiteElo "2357"]
[BlackElo "2157"]
[Result "1-0"]
[Round "06"]
[TimeControl "180+1"]
[Date "2022.01.26"]
[WhiteClock "0:00:51"]
[BlackClock "0:00:18"]

1. e4 c5 2. Be2 g6 3. f4 Bg7 4. Nf3 d6 5. c3 Nf6 6. d3 Nc6 7. O-O O-O 8. Kh1 b5 9. a3 a5 10. Be3 Bb7 11. Nbd2 b4 12. d4 bxc3 13. bxc3 cxd4 14. cxd4 Ba6 15. Bxa6 Rxa6 16. Qe2 Qa8 17. d5 Nb8 18. Rab1 Nbd7 19. a4 Rc8 20. Bd4 Nc5 21. Bxc5 Rxc5 22. Rb5 Nd7 23. Rfb1 h6 24. h3 Rxb5 25. Qxb5 Nc5 26. Qc4 Ra7 27. Rb5 Rb7 28. Nb3 Rxb5 29. Qxb5 Bc3 30. Nxc5 dxc5 31. Qxc5 Bb4 32. Qc4 Qe8 33. Ne5 Qxa4 34. d6 e6 35. d7 Qd1+ 36. Kh2 Be7 37. Qc8+ Kg7 38. Qe8 1-0


[Site "https://www.chess.com"]

[Event "Titled Tuesday Blitz January 25 2022"]
[White "Putnam, Liam"]
[Black "De Silva, L M S T"]
[WhiteFideId "30938279"]
[BlackFideId "9953698"]
[WhiteElo "2035"]
[BlackElo "1631"]
[Result "1-0"]
[Round "06"]
[TimeControl "180+1"]
[Date "2022.01.26"]
[WhiteClock "0:00:10"]
[BlackClock "0:00:03"]

1. Nf3 Nf6 2. c4 b6 3. Nc3 Bb7 4. d4 e6 5. a3 Ne4 6. Nxe4 Bxe4 7. Nd2 Bb7 8. e4 g6 9. Bd3 Bg7 10. Nf3 d6 11. Bg5 Qd7 12. Qe2 Nc6 13. d5 Nd4 14. Nxd4 Bxd4 15. O-O Bg7 16. Rad1 O-O 17. Qd2 e5 18. Rde1 f5 19. f4 fxe4 20. Rxe4 Rae8 21. fxe5 Rxf1+ 22. Bxf1 Bxe5 23. Bf4 Bf6 24. Rxe8+ Qxe8 25. b4 Bc8 26. h3 Qa4 27. Qe3 Bd7 28. Kh2 Qd1 29. Be2 Qa1 30. Bg4 Bd4 31. Be6+ Kh8 32. Qe4 Bg1+ 33. Kg3 Qc3+ 34. Kg4 Be8 35. Bc8 Bf7 36. Qe7 Kg7 37. Be6 Qf6 38. Bh6+ Kxh6 39. Qxf6 1-0


[Site "https://www.chess.com"]

[Event "Titled Tuesday Blitz January 25 2022"]
[White "Rangel, Daniel"]
[Black "Mitusov, Semen"]
[WhiteFideId "2124475"]
[BlackFideId "14151049"]
[WhiteElo "2187"]
[BlackElo "2246"]
[Result "0-1"]
[Round "06"]
[TimeControl "180+1"]
[Date "2022.01.26"]
[WhiteClock "0:00:02"]
[BlackClock "0:00:15"]

1. d4 d5 2. Nf3 Bf5 3. c4 e6 4. Nc3 c6 5. Bf4 Nd7 6. e3 h6 7. Bd3 Bxd3 8. Qxd3 Ngf6 9. O-O Nh5 10. Bg3 Be7 11. e4 Nxg3 12. hxg3 dxe4 13. Qxe4 Nf6 14. Qe2 O-O 15. Rad1 Qc7 16. Rfe1 Rfe8 17. Ne5 Rad8 18. g4 c5 19. dxc5 Bxc5 20. Nd3 Bd4 21. Ne4 Qxc4 22. Nxf6+ Bxf6 23. b3 Qd4 24. Nc1 Qc3 25. Nd3 e5 26. Nb2 b5 27. Nd3 Bg5 28. b4 e4 29. Nc5 e3 30. f3 Bh4 31. Rxd8 Bf2+ 32. Kf1 Rxd8 33. Rd1 Re8 34. Rd3 Qxb4 35. Ne4 Re6 36. Rd1 Kh7 37. Qd3 g6 38. Qd8 Qc4+ 0-1


[Site "https://www.chess.com"]

[Event "Titled Tuesday Blitz January 25 2022"]
[White "Ronka, Erik"]
[Black "Kretov, Evgenij"]
[WhiteFideId "505080"]
[BlackFideId "4167821"]
[WhiteElo "2264"]
[BlackElo "2303"]
[Result "1-0"]
[Round "06"]
[TimeControl "180+1"]
[Date "2022.01.26"]
[WhiteClock "0:00:06"]
[BlackClock "0:00:17"]

1. d4 Nf6 2. Nf3 e6 3. g3 b6 4. Bg2 Bb7 5. O-O c5 6. dxc5 Bxc5 7. c4 O-O 8. Nc3 Be7 9. b3 a6 10. Bb2 d6 11. Rc1 Nbd7 12. Qd2 Qc7 13. Rfd1 Rfd8 14. Nd4 Rac8 15. Bxb7 Qxb7 16. Qe3 Bf8 17. Qf3 Qc7 18. e4 Nc5 19. Qe2 h6 20. Nc2 Qb7 21. Re1 Rb8 22. Nd4 Ncd7 23. h3 Rdc8 24. Kh2 Rc7 25. f4 Qc8 26. g4 e5 27. fxe5 dxe5 28. Nf5 g6 29. Ne3 Bc5 30. Ned5 Rc6 31. Rf1 Kg7 32. Qf3 Qe8 33. Ne2 Nh7 34. Rcd1 Ng5 35. Qg2 Rd8 36. h4 Ne6 37. Rd3 Nd4 38. Nxd4 Bxd4 39. Rxd4 exd4 40. Bxd4+ Ne5 41. g5 hxg5 42. hxg5 Re6 43. Kg1 b5 44. Qg3 bxc4 45. bxc4 Rc8 46. Rf6 Rcc6 47. Nc7 Rxc7 48. Rxe6 Qxe6 49. Bxe5+ Kg8 50. Bxc7 Qxe4 51. Qe5 Qb1+ 52. Kg2 Qxa2+ 53. Kh3 Qb3+ 54. Qg3 Qxc4 55. Qe5 Qd3+ 56. Kg4 Qd7+ 57. Kf4 Qc6 58. Bd6 Qc4+ 59. Kg3 Qc6 60. Bc5 a5 61. Bd4 Kf8 62. Qh8+ Ke7 63. Qf6+ Qxf6 64. Bxf6+ Ke6 65. Kf4 Kd5 66. Bg7 a4 67. Bf6 Kc4 68. Ke5 a3 69. Kd6 a2 70. Ke7 Kd5 71. Kxf7 1-0


[Site "https://www.chess.com"]

[Event "Titled Tuesday Blitz January 25 2022"]
[White "Rustemov, Alexander"]
[Black "Hakobyan, Aram"]
[WhiteFideId "4119002"]
[BlackFideId "13306677"]
[WhiteElo "2732"]
[BlackElo "2557"]
[Result "0-1"]
[Round "06"]
[TimeControl "180+1"]
[Date "2022.01.26"]
[WhiteClock "0:00:16"]
[BlackClock "0:01:32"]

1. d4 g6 2. c4 Bg7 3. Nf3 c5 4. d5 d6 5. e4 e6 6. Nc3 Ne7 7. Bd3 O-O 8. O-O e5 9. a3 a5 10. Rb1 Na6 11. Ne1 f5 12. Nc2 f4 13. f3 g5 14. b4 axb4 15. axb4 cxb4 16. Nxb4 Qb6+ 17. Kh1 Nxb4 18. Qb3 g4 19. Qxb4 Qd8 20. Nb5 Ra6 21. c5 g3 22. Nxd6 Nxd5 23. Qb3 Qh4 24. Qxd5+ Kh8 25. h3 Bxh3 0-1


[Site "https://www.chess.com"]

[Event "Titled Tuesday Blitz January 25 2022"]
[White "Rychagov, Andrey"]
[Black "Zhukova, Natalia"]
[WhiteFideId "4119932"]
[BlackFideId "14101513"]
[WhiteElo "2500"]
[BlackElo "2296"]
[Result "1-0"]
[Round "06"]
[TimeControl "180+1"]
[Date "2022.01.26"]
[WhiteClock "0:02:22"]
[BlackClock "0:00:56"]

1. d4 Nf6 2. c4 e6 3. Nf3 d5 4. Nc3 dxc4 5. e3 a6 6. Bxc4 b5 7. Be2 Bb7 8. O-O Nbd7 9. b3 c5 10. Bb2 Qb6 11. a4 b4 12. a5 Qc6 13. Na4 Be7 14. Rc1 O-O 15. dxc5 Rad8 16. Qe1 Nd5 17. Nd4 Qc7 18. c6 Ne5 19. cxb7 Qxb7 20. Nxe6 1-0


[Site "https://www.chess.com"]

[Event "Titled Tuesday Blitz January 25 2022"]
[White "Samadov, Read"]
[Black "Agasarov, Benik"]
[WhiteFideId "13417444"]
[BlackFideId "13314823"]
[WhiteElo "2084"]
[BlackElo "2590"]
[Result "1-0"]
[Round "06"]
[TimeControl "180+1"]
[Date "2022.01.26"]
[WhiteClock "0:00:38"]
[BlackClock "0:00:44"]

1. d4 Nf6 2. c4 g6 3. Nc3 d5 4. cxd5 Nxd5 5. e4 Nxc3 6. bxc3 Bg7 7. Bc4 c5 8. Ne2 O-O 9. Be3 Nc6 10. O-O Bg4 11. f3 cxd4 12. cxd4 Na5 13. Bd3 Be6 14. d5 Bxa1 15. Qxa1 f6 16. Qb1 Bf7 17. Qb4 b6 18. Nd4 Rc8 19. f4 Qd6 20. Qxd6 exd6 21. Nb5 Rfd8 22. Bd4 Rd7 23. Bxf6 a6 24. Nd4 b5 25. Be2 Nc4 26. Bg4 Rdc7 27. Bxc8 Rxc8 28. Nc6 Rc7 29. e5 Bxd5 30. Ne7+ Rxe7 31. Bxe7 dxe5 32. fxe5 Nxe5 33. a3 Nc4 34. Rf8+ Kg7 35. Rd8 Bc6 36. Rc8 Be4 37. Rc7 Kf7 38. Bb4+ Kg8 39. Ra7 a5 40. Bxa5 Nxa3 41. Bc3 Nc2 42. Rg7+ Kf8 43. Rxh7 b4 44. Bb2 b3 45. Rh3 Bd5 46. Kf2 Nb4 47. Ba3 Kg8 48. Rc3 Nc2 49. Bb2 Kf7 50. h4 Ke6 51. g4 Nb4 52. Ke3 Bh1 53. Rxb3 Nd5+ 54. Kf2 Nf6 55. Rb6+ 1-0


[Site "https://www.chess.com"]

[Event "Titled Tuesday Blitz January 25 2022"]
[White "Samunenkov, Ihor"]
[Black "Bayramov, Zaur"]
[WhiteFideId "14187086"]
[BlackFideId "13405080"]
[WhiteElo "2406"]
[BlackElo "2166"]
[Result "1-0"]
[Round "06"]
[TimeControl "180+1"]
[Date "2022.01.26"]
[WhiteClock "0:00:05"]
[BlackClock "0:00:23"]

1. d4 Nf6 2. c4 e6 3. Nc3 Bb4 4. e3 c5 5. Ne2 O-O 6. a3 Bxc3+ 7. Nxc3 b6 8. d5 exd5 9. cxd5 Re8 10. Bd3 d6 11. O-O Ba6 12. Bxa6 Nxa6 13. Qd3 Nc7 14. b4 Qd7 15. Bb2 a6 16. e4 b5 17. bxc5 dxc5 18. Rfe1 c4 19. Qg3 Nh5 20. Qg5 g6 21. Rad1 f6 22. Qd2 Rad8 23. d6 Ne6 24. Nd5 Qf7 25. g4 Nhg7 26. Nxf6+ Kh8 27. Qh6 Nf8 28. Nxe8 Rxe8 29. f4 Kg8 30. f5 a5 31. Qxg7+ Qxg7 32. Bxg7 Kxg7 33. e5 b4 34. d7 Nxd7 35. Rxd7+ Kh6 36. axb4 axb4 37. Rb7 b3 38. Rc1 Rc8 39. Rxb3 Rc5 40. Rbc3 Rxe5 41. fxg6 hxg6 42. Rxc4 Re2 43. R4c2 Re3 44. Rg2 Kg5 45. Rf1 Kh4 46. Rg3 Re2 47. Rf2 Re1+ 48. Kg2 g5 49. Rh3+ Kxg4 50. Rg3+ Kh4 51. Rgf3 g4 52. Rf8 Ra1 53. Rh8+ Kg5 54. Rg8+ Kh4 55. Rf4 Ra2+ 56. Kg1 Ra1+ 57. Kf2 Ra2+ 58. Ke3 Ra3+ 59. Kd2 Ra2+ 60. Ke3 Ra3+ 61. Ke4 Ra4+ 62. Kf5 Ra5+ 63. Kf6 Ra6+ 64. Ke7 Ra7+ 65. Kd6 Ra6+ 66. Kc7 Kh3 67. Rfxg4 Ra7+ 68. Kb6 Ra1 69. Rg3+ Kxh2 70. R3g7 Rb1+ 71. Kc5 Rc1+ 72. Kb4 Rb1+ 73. Kc3 Rc1+ 74. Kb2 Rc3 75. Kxc3 1-0


[Site "https://www.chess.com"]

[Event "Titled Tuesday Blitz January 25 2022"]
[White "Sanal, Vahap"]
[Black "Jones, Gawain C B"]
[WhiteFideId "6300545"]
[BlackFideId "409561"]
[WhiteElo "2603"]
[BlackElo "2657"]
[Result "1-0"]
[Round "06"]
[TimeControl "180+1"]
[Date "2022.01.26"]
[WhiteClock "0:00:05"]
[BlackClock "0:00:06"]

1. Nf3 g6 2. e4 c5 3. d4 cxd4 4. Nxd4 Nf6 5. Nc3 d6 6. Be3 Bg7 7. f3 Nc6 8. Qd2 O-O 9. O-O-O d5 10. exd5 Nxd5 11. Nxc6 bxc6 12. Bd4 Nxc3 13. Qxc3 Bh6+ 14. Be3 Bxe3+ 15. Qxe3 Qb6 16. Qc3 Be6 17. a3 Rad8 18. Bd3 Rd5 19. Be4 Rc5 20. Qd4 h5 21. h4 Bd5 22. b4 Rc4 23. Qxb6 axb6 24. Bxd5 cxd5 25. Rxd5 Rfc8 26. Rd2 Kg7 27. Kb2 Kf6 28. g3 Rc3 29. Rf1 Kf5 30. Rff2 R3c6 31. Rd5+ Kf6 32. g4 e6 33. Rb5 hxg4 34. fxg4+ Kg7 35. g5 Rh8 36. Rf4 Rhc8 37. Rf2 Rh8 38. Rh2 f5 39. gxf6+ Kxf6 40. Rf2+ Ke7 41. Rg5 Rxh4 42. Rxg6 Rh3 43. Rg7+ Kd6 44. Rd2+ Ke5 45. Re2+ Kf6 46. Rg8 Kf7 47. Rg1 Ke7 48. Rg4 Kf6 49. a4 Rd6 50. Rf4+ Ke7 51. Rg2 Rc6 52. b5 Rc8 53. Rfg4 Rhc3 54. Rg7+ Kf6 55. Rb7 R3c4 56. Rf2+ Ke5 57. Rxb6 Rxa4 58. Re2+ Kd5 59. Kb3 Rcc4 60. c3 Kc5 61. Rexe6 Rh4 62. Rec6+ Kd5 63. Rb8 Ra1 64. Rd8+ Ke5 65. Re8+ Kf5 66. Rc5+ Kf6 67. Re2 Rb1+ 68. Rb2 Ra1 69. b6 Ra6 70. Rb5 Ra8 71. b7 Rb8 72. Rd2 Rh7 73. Rd6+ Ke7 74. Rdd5 Ke6 75. Re5+ Kd6 76. Red5+ Kc6 77. Rdc5+ Kd6 78. Kb4 Rhxb7 79. c4 Rxb5+ 80. cxb5 Rh8 81. Rc1 Rh4+ 82. Ka5 Rh2 83. Kb6 Rb2 84. Rd1+ Ke7 85. Kc6 Rc2+ 86. Kb7 Rb2 87. b6 Ke6 88. Kc7 Rc2+ 89. Kb8 Rb2 90. b7 Ke7 91. Rd4 Ke6 92. Kc7 Ke5 93. Rd8 Rc2+ 94. Kd7 Rd2+ 95. Ke7 1-0


[Site "https://www.chess.com"]

[Event "Titled Tuesday Blitz January 25 2022"]
[White "Santos Flores, Alberto"]
[Black "Williams, Simon K"]
[WhiteFideId "3601234"]
[BlackFideId "404454"]
[WhiteElo "2293"]
[BlackElo "2468"]
[Result "0-1"]
[Round "06"]
[TimeControl "180+1"]
[Date "2022.01.26"]
[WhiteClock "0:00:01"]
[BlackClock "0:00:13"]

1. e4 c5 2. Nf3 d6 3. Bb5+ Nc6 4. Bxc6+ bxc6 5. O-O Bg4 6. d3 e6 7. Nbd2 Nf6 8. Re1 Nd7 9. c3 Be7 10. Qc2 O-O 11. h3 Bh5 12. Nh2 d5 13. f4 Bg6 14. Nhf3 a5 15. Qd1 Bd6 16. Nf1 c4 17. e5 Bc7 18. dxc4 dxc4 19. Ne3 Bd3 20. b3 Nc5 21. Ba3 Bb6 22. Nd4 Qc7 23. Bxc5 Bxc5 24. Nxc4 Bxc4 25. bxc4 Rad8 26. Qd3 Rd7 27. Rad1 Rfd8 28. Qe4 Ba7 29. Kh2 c5 30. Nb5 Qb8 31. Rxd7 Rxd7 32. Qe2 Bb6 33. Rd1 Qd8 34. Rxd7 Qxd7 35. Qe4 g6 36. Qa8+ Kg7 37. Qb8 Bd8 38. Nd6 Be7 39. Ne8+ Kh6 40. Nc7 Kg7 41. Ne8+ Kh6 42. Nc7 g5 43. fxg5+ Bxg5 44. Qf8+ Kh5 45. Nb5 Bf4+ 46. Kg1 Bxe5 47. Kf2 Qd2+ 48. Kf3 Qd3+ 49. Kf2 Bg3+ 0-1


[Site "https://www.chess.com"]

[Event "Titled Tuesday Blitz January 25 2022"]
[White "Sarana, Alexey"]
[Black "Sadovsky, Artem"]
[WhiteFideId "24133795"]
[BlackFideId "4155840"]
[WhiteElo "2665"]
[BlackElo "2369"]
[Result "1-0"]
[Round "06"]
[TimeControl "180+1"]
[Date "2022.01.26"]
[WhiteClock "0:00:56"]
[BlackClock "0:00:05"]

1. d4 g6 2. c4 Bg7 3. Nc3 d6 4. e4 e5 5. dxe5 dxe5 6. Qxd8+ Kxd8 7. f4 Nc6 8. Nf3 Nd4 9. Nxd4 exd4 10. Nd5 Ne7 11. Bd2 Re8 12. O-O-O Nxd5 13. exd5 Bf5 14. h3 h5 15. g3 Be4 16. Rh2 c6 17. dxc6 bxc6 18. c5 a5 19. Bc4 Ra7 20. Bc3 Bf3 21. Rdd2 Re1+ 22. Kc2 Bd1+ 23. Rxd1 Rxd1 24. Bxa5+ Rxa5 25. Kxd1 Rxc5 26. Bxf7 g5 27. Rf2 h4 28. gxh4 gxh4 29. Bg6 Ra5 30. b3 Ke7 31. Bd3 Bh6 32. a4 Ra8 33. Re2+ Kd6 34. f5 Be3 35. Rg2 Ke5 36. Rg6 c5 37. Re6+ Kf4 38. f6 Rf8 39. a5 Kg3 40. a6 Kxh3 41. a7 Kg4 42. Be4 h3 43. a8=Q Rxa8 44. Bxa8 Kf4 45. f7 1-0


[Site "https://www.chess.com"]

[Event "Titled Tuesday Blitz January 25 2022"]
[White "Seul, Georg"]
[Black "Efremova, Yulia"]
[WhiteFideId "4601653"]
[BlackFideId "14113953"]
[WhiteElo "2271"]
[BlackElo "2107"]
[Result "1-0"]
[Round "06"]
[TimeControl "180+1"]
[Date "2022.01.26"]
[WhiteClock "0:00:25"]
[BlackClock "0:00:22"]

1. e4 d5 2. exd5 Qxd5 3. Nc3 Qa5 4. Bc4 Nf6 5. d3 Nc6 6. Bd2 Bg4 7. f3 Qe5+ 8. Qe2 Qxe2+ 9. Ngxe2 Bd7 10. a3 e6 11. O-O Bc5+ 12. Kh1 h5 13. Ne4 Bb6 14. b4 h4 15. a4 a5 16. b5 Ne7 17. d4 Rd8 18. Rad1 h3 19. g3 Nf5 20. c3 Nd5 21. Bxd5 exd5 22. Nc5 Bc8 23. Nf4 O-O 24. Rfe1 c6 25. Rb1 Bc7 26. b6 Bd6 27. Nfd3 Rfe8 28. Kg1 Bb8 29. Kf2 Nd6 30. Bf4 Bf5 31. Rxe8+ Rxe8 32. Re1 Rxe1 33. Kxe1 Bc8 34. g4 f5 35. g5 Kf8 36. Nb3 Nc4 37. Bxb8 Nxb6 38. Nxa5 Nxa4 39. Kd2 Nb6 40. Bd6+ Ke8 41. Bf4 Na4 42. Nc5 Nxc5 43. dxc5 Kd7 44. Ke3 Ke6 45. Kd4 g6 46. Nb3 Bd7 47. Nc1 Be8 48. Ne2 Bf7 49. Ng1 Be8 50. Nxh3 Bf7 51. Ng1 Be8 52. h4 Bf7 53. Ne2 Be8 54. Ke3 Bf7 55. Nd4+ Kd7 56. Kd2 Be8 57. Kc2 Bf7 58. Kb3 Be8 59. Kb4 Bf7 60. Ka5 Kc8 61. Kb6 Bg8 62. Nb3 Bf7 63. Na5 d4 64. cxd4 Bd5 65. Nxb7 Bxf3 66. Nd6+ Kd7 67. Nc4 Bd5 68. Ne5+ Ke6 69. Nxg6 Kf7 70. Ne5+ Ke6 71. h5 Bf3 72. h6 1-0


[Site "https://www.chess.com"]

[Event "Titled Tuesday Blitz January 25 2022"]
[White "Srihari L R"]
[Black "Martinez Alcantara, Jose Eduardo"]
[WhiteFideId "46617116"]
[BlackFideId "3805662"]
[WhiteElo "2121"]
[BlackElo "2690"]
[Result "0-1"]
[Round "06"]
[TimeControl "180+1"]
[Date "2022.01.26"]
[WhiteClock "0:00:04"]
[BlackClock "0:00:06"]

1. c4 c5 2. Nc3 Nc6 3. g3 g6 4. Bg2 Bg7 5. e3 e6 6. Nge2 Nge7 7. O-O O-O 8. d4 d6 9. b3 cxd4 10. exd4 d5 11. cxd5 exd5 12. Bg5 Be6 13. Rc1 Qd7 14. Bxe7 Nxe7 15. Nf4 Bh6 16. Nxe6 fxe6 17. Rc2 Rac8 18. Na4 Rxc2 19. Qxc2 b6 20. Re1 Nf5 21. Qd3 Bg7 22. Bh3 Nxd4 23. f4 g5 24. Kh1 gxf4 25. gxf4 Kh8 26. Qg3 Nf5 27. Bxf5 Rxf5 28. Nc3 Qf7 29. Ne2 h6 30. Rc1 Kh7 31. Qd3 Qg6 32. Qf3 Rf7 33. Ng3 Bd4 34. Rf1 Bc5 35. f5 exf5 36. Qxd5 f4 37. Ne4 Rg7 38. Nxc5 bxc5 39. Qf3 Rf7 40. Qd5 Qf5 41. Qxf5+ Rxf5 42. Kg2 Kg6 43. Kf3 Rh5 44. Rf2 Kf5 45. Rc2 Rh3+ 46. Kg2 Rd3 47. Rxc5+ Ke4 48. Ra5 Rd2+ 49. Kh3 f3 50. Rxa7 Ke3 51. Kg3 Rg2+ 52. Kh3 Rg5 53. Re7+ Kd3 54. Rd7+ Ke2 55. Re7+ Kf1 56. a4 f2 57. b4 Rf5 58. Rc7 Ke2 59. Kg4 f1=Q 60. Re7+ Kd3 61. Kh4 Qf4+ 0-1


[Site "https://www.chess.com"]

[Event "Titled Tuesday Blitz January 25 2022"]
[White "Steinberg, Nitzan"]
[Black "Belyakov, Bogdan"]
[WhiteFideId "2801795"]
[BlackFideId "24104795"]
[WhiteElo "2440"]
[BlackElo "2407"]
[Result "1-0"]
[Round "06"]
[TimeControl "180+1"]
[Date "2022.01.26"]
[WhiteClock "0:00:01"]
[BlackClock "0:00:01"]

1. d4 Nf6 2. Nf3 g6 3. Bf4 Bg7 4. e3 b6 5. h3 Bb7 6. Be2 O-O 7. O-O c5 8. c4 cxd4 9. exd4 d5 10. Nc3 dxc4 11. Bxc4 Nc6 12. a3 e6 13. Re1 Rc8 14. Ba2 Na5 15. Ne5 Nd5 16. Bd2 Nxc3 17. Bxc3 Nc6 18. Qg4 h5 19. Qf4 Ne7 20. Bb4 Nd5 21. Bxd5 Qxd5 22. f3 Bxe5 23. Rxe5 Qb3 24. Bxf8 Qxb2 25. Rae1 Rxf8 26. Qh4 Rc8 27. Rg5 Bd5 28. Kh2 Rc2 29. Qf4 Rc8 30. Qf6 Qxa3 31. Ree5 Qf8 32. Rxh5 Qg7 33. Qh4 a5 34. Rxd5 exd5 35. Rxd5 a4 36. Qe7 Qf8 37. Qa7 Ra8 38. Qxb6 a3 39. Ra5 Qc8 40. d5 Qe8 41. d6 a2 42. d7 Qf8 43. Rxa8 1-0


[Site "https://www.chess.com"]

[Event "Titled Tuesday Blitz January 25 2022"]
[White "Stribuk, Artiom"]
[Black "Siva Mahadevan"]
[WhiteFideId "13515659"]
[BlackFideId "25043153"]
[WhiteElo "2224"]
[BlackElo "2203"]
[Result "0-1"]
[Round "06"]
[TimeControl "180+1"]
[Date "2022.01.26"]
[WhiteClock "0:00:06"]
[BlackClock "0:01:09"]

1. d4 Nf6 2. c4 g6 3. Nc3 Bg7 4. e4 O-O 5. Bg5 d6 6. h3 Na6 7. Bd3 e5 8. Nf3 c6 9. O-O Qa5 10. a3 exd4 11. b4 Qb6 12. Na4 Qd8 13. Nxd4 h6 14. Be3 Nc7 15. Nc3 a5 16. Qd2 Kh7 17. Bc2 axb4 18. axb4 Rxa1 19. Rxa1 Ne6 20. Ra8 Nxd4 21. Bxd4 Qe7 22. c5 Rd8 23. Qe3 dxc5 24. Bxc5 Qe6 25. Ne2 Nd7 26. Bb3 Qe5 27. Bd4 Qe7 28. e5 Nf8 29. Bc5 Qxe5 30. Qxe5 Bxe5 31. f4 Bc7 32. Bxf7 Kg7 33. Bc4 Nd7 34. Bd4+ Kf8 35. Kf2 Nb6 36. Bxb6 Bxb6+ 37. Kf3 Ke7 38. g4 Bxg4+ 39. hxg4 Rxa8 40. Ng3 Ra3+ 41. Kg2 Bc7 0-1


[Site "https://www.chess.com"]

[Event "Titled Tuesday Blitz January 25 2022"]
[White "Svane, Frederik"]
[Black "Atakhan, Abtin"]
[WhiteFideId "12923044"]
[BlackFideId "22502203"]
[WhiteElo "2459"]
[BlackElo "2119"]
[Result "1/2-1/2"]
[Round "06"]
[TimeControl "180+1"]
[Date "2022.01.26"]
[WhiteClock "0:00:39"]
[BlackClock "0:00:59"]

1. e4 c6 2. d4 d5 3. exd5 cxd5 4. Nf3 Nf6 5. c3 Nc6 6. Ne5 Qc7 7. Bf4 Qb6 8. Qb3 Bf5 9. Na3 Nxe5 10. Bxe5 Nd7 11. Bf4 a6 12. O-O-O e6 13. Bd3 Bxd3 14. Rxd3 Qxb3 15. axb3 Bxa3 16. bxa3 b5 17. Kb2 a5 18. Rg3 g6 19. h4 h5 20. Bd6 a4 21. b4 Nb6 22. Bc5 Nc4+ 23. Ka2 Kd7 24. Rf3 f5 25. Rg3 Rhg8 26. Rg5 Ke8 27. f3 Kf7 28. f4 Nd2 29. Rg3 Ne4 30. Re3 Rac8 31. Rhe1 Rge8 32. R1e2 Nf6 33. Kb2 Ng4 34. Rf3 Nf6 35. Kc2 Ne4 36. Kd3 1/2-1/2


[Site "https://www.chess.com"]

[Event "Titled Tuesday Blitz January 25 2022"]
[White "Tikhonov, Viacheslav"]
[Black "Costachi, Mihnea"]
[WhiteFideId "44196407"]
[BlackFideId "1217518"]
[WhiteElo "1773"]
[BlackElo "2464"]
[Result "1-0"]
[Round "06"]
[TimeControl "180+1"]
[Date "2022.01.26"]
[WhiteClock "0:00:15"]
[BlackClock "0:00:21"]

1. d4 Nf6 2. Bf4 c5 3. e3 Qb6 4. Nc3 cxd4 5. exd4 a6 6. a3 d6 7. Nf3 g6 8. Be2 Bg7 9. O-O O-O 10. h3 Bf5 11. Bd3 Bd7 12. Re1 Re8 13. Qd2 Nc6 14. Bf1 Rac8 15. Na4 Qc7 16. b3 b5 17. Nb2 Qb6 18. a4 Bf5 19. axb5 axb5 20. Be3 Nd5 21. c3 Ra8 22. Bd3 Bd7 23. b4 Nxe3 24. Qxe3 Rxa1 25. Rxa1 d5 26. Qe2 Rb8 27. Nd1 e6 28. Nd2 Ne7 29. Nb3 Bc6 30. Nc5 Qd8 31. Ra6 Be8 32. Ne3 Nc8 33. Ng4 Nd6 34. Ne5 Bxe5 35. Qxe5 Nb7 36. g3 Nxc5 37. dxc5 Ra8 38. Rb6 Ra1+ 39. Kg2 Rd1 40. Rb8 f6 41. Qxe6+ Kg7 42. Rxd8 1-0


[Site "https://www.chess.com"]

[Event "Titled Tuesday Blitz January 25 2022"]
[White "Timofeev, Artyom"]
[Black "Kislinsky, Alexey"]
[WhiteFideId "4140419"]
[BlackFideId "14108801"]
[WhiteElo "2583"]
[BlackElo "2335"]
[Result "1/2-1/2"]
[Round "06"]
[TimeControl "180+1"]
[Date "2022.01.26"]
[WhiteClock "0:00:17"]
[BlackClock "0:00:15"]

1. d4 Nf6 2. Nf3 g6 3. Nbd2 c5 4. e3 Bg7 5. Be2 O-O 6. O-O b6 7. b3 Bb7 8. Bb2 d6 9. c4 Nbd7 10. Rc1 a6 11. Rc2 Ne4 12. Qa1 Nxd2 13. Rxd2 Rc8 14. Rfd1 Re8 15. h3 cxd4 16. Bxd4 Bxd4 17. Rxd4 Qc7 18. h4 Nf6 19. Ng5 h6 20. Nf3 Qc5 21. Rf4 Nh5 22. Rfd4 Nf6 23. Ne1 b5 24. Bf3 Bxf3 25. Nxf3 bxc4 26. Rxc4 Qa5 27. Rf4 Qc3 28. Qxc3 Rxc3 29. Ra4 Ra8 30. Nd4 h5 31. g3 Ng4 32. Rd2 Rc1+ 33. Kg2 Kg7 34. Rc2 Re1 35. Rb2 Rc8 36. Rxa6 Rcc1 37. Nf3 Rh1 38. Ra7 e5 39. Ng5 Rh2+ 40. Kf3 d5 41. Rxf7+ Kg8 42. Rd7 Rf1 43. Rxd5 Rhxf2+ 44. Rxf2 Rxf2+ 45. Ke4 Nf6+ 46. Kxe5 Nxd5 47. Kxd5 Rxa2 48. b4 Rb2 49. Kc5 Rb3 50. b5 Rxe3 51. b6 Rxg3 52. Ne4 Rb3 53. Kc6 Kf7 54. Nc5 Rb1 55. b7 Rxb7 56. Kxb7 Kf6 57. Kc6 Kf5 58. Kd5 g5 59. hxg5 Kxg5 60. Ne4+ Kg4 61. Nf6+ Kg5 62. Nxh5 1/2-1/2


[Site "https://www.chess.com"]